Cogmind - Beta 11.1 @@@ ROGUE MODE // 2022.05.27 @ 12:00:48 // Winter2019/RPGLIKE Player: darki Result: Destroyed by Z-Imprinter with Zionite Laser-M Performance ------------- Evolutions (1) 500 Regions Visited (6) 1200 Robots Destroyed (59) 295 Value Destroyed (1120) 1120 Prototype IDs (2) 40 Alien Tech Used (0) 0 Bonus (325) 325 TOTAL SCORE: 3480 Bonus ------- High Alert Combat Kills 25 Met Imprinter 300 Cogmind --------- Core Integrity 0/600 Matter 367/500 Energy 273/280 System Corruption 0% Temperature Warning (375) Movement Treading (170) Location -7/Deep Caves Parts ------- > --- POWER (1) -------- Cooled Ion Engine > --- PROPULSION (3) --- Armored Treads Armored Treads Armored Treads > --- UTILITY (1) ------ High-capacity Matter Pod > --- WEAPON (6) ------- Assault Rifle Assault Rifle Heavy Assault Rifle Improved Assault Rifle Improved Assault Rifle Improved Light Cannon > --- INVENTORY (1) ---- Large Matter Pod (150) Peak State ------------ > --- POWER ------------ Cooled Ion Engine > --- PROPULSION ------- Armored Treads Armored Treads Armored Treads > --- UTILITY ---------- Medium Matter Pod > --- WEAPON ----------- Assault Rifle Assault Rifle Heavy Assault Rifle Improved Assault Rifle Improved Assault Rifle Improved Light Cannon > --- INVENTORY -------- (None) [Rating: 25] Favorites ----------- Power Cooled Ion Engine Engine Cooled Ion Engine Propulsion Armored Treads Treads Armored Treads Leg Aluminum Leg Utility Medium Matter Pod Storage Medium Matter Pod Weapon Assault Rifle Ballistic Gun Assault Rifle Ballistic Cannon Improved Light Cannon Build | -11 -10 -10 -9 -9 -7 -7 ------- Run | Scr Mat Min Mat Min Zio Dee Slots Evolved 7 | 4 . . 3 . . . Power . | . . . . . . . Propulsion 2 | 1 . . 1 . . . Utility . | . . . . . . . Weapon 5 | 3 . . 2 . . . Parts Attached 17 | 3 3 . 10 1 . . Power 1 | . . . 1 . . . Engine 1 | . . . 1 . . . Core . | . . . . . . . Reactor . | . . . . . . . Propulsion 4 | 1 . . 3 . . . Treads 3 | . . . 3 . . . Leg 1 | 1 . . . . . . Wheel . | . . . . . . . Hover . | . . . . . . . Flight . | . . . . . . . Utility 3 | . 2 . . 1 . . Device . | . . . . . . . Storage 3 | . 2 . . 1 . . Processor . | . . . . . . . Hackware . | . . . . . . . Protection . | . . . . . . . Artifact . | . . . . . . . Weapon 9 | 2 1 . 6 . . . Energy Gun . | . . . . . . . Energy Cannon . | . . . . . . . Ballistic Gun 8 | 2 1 . 5 . . . Ballistic Cannon 1 | . . . 1 . . . Launcher . | . . . . . . . Special Weapon . | . . . . . . . Impact Weapon . | . . . . . . . Slashing Weapon . | . . . . . . . Piercing Weapon . | . . . . . . . Special Melee Weapon . | . . . . . . . Unidentified Prototypes 2 | . . . 2 . . . Parts Lost . | . . . . . . . Power . | . . . . . . . Propulsion . | . . . . . . . Utility . | . . . . . . . Weapon . | . . . . . . . Highest Loss Streak . | . . . . . . . To Critical Strikes . | . . . . . . . Average Slot Usage (%) 96 | . 82 100 94 100 100 100 Engine 9 | . 12 12 9 9 9 9 Treads 20 | . . . 15 27 27 27 Leg 5 | . 25 25 7 . . . Storage 9 | . 3 12 9 9 9 9 Ballistic Gun 43 | . 41 50 41 45 45 45 Ballistic Cannon 8 | . . . 9 9 9 9 Naked Turns . | . . . . . . . Heaviest Build 29 | 11 14 14 27 29 29 29 Greatest Support 60 | 20 20 20 60 60 60 60 Greatest Overweight (x) 1 | 1 . . 1 . . . Average Overweight (x) . | . . . . . . . Largest Inventory Capacity 1 | . . . . 1 1 1 Average Capacity . | . . . . . 1 1 Most Carried 1 | . . . . 1 1 1 Average Carried . | . . . . . 1 1 Final Capacity 1 | . . . . 1 1 1 Final Carried 1 | . . . . 1 1 1 Class Distribution -------------------- 87% | Executioner 12% | Gunner Dominant Class ---------------- Gunner | -10/Materials Gunner | -10/Mines Executioner | -9/Materials Executioner | -9/Mines Executioner | -7/Zion Executioner | -7/Deep Caves Resources | -11 -10 -10 -9 -9 -7 -7 ----------- Run | Scr Mat Min Mat Min Zio Dee Matter Collected 1965 | 230 51 . 1333 338 13 . Remotely . | . . . . . . . Salvage Created 1839 | . 144 . 1510 185 . . Parts 119 | . 5 . 100 14 . . Haulers Intercepted 5 | . . . 5 . . . Recyclers Shooed 2 | . 1 . 1 . . . Parts Field Recycled . | . . . . . . . Retrieved Matter . | . . . . . . . Parts Self-Destructed . | . . . . . . . Prevented . | . . . . . . . Kills | -11 -10 -10 -9 -9 -7 -7 ------- Run | Scr Mat Min Mat Min Zio Dee Combat Hostiles Destroyed 38 | . 3 . 24 11 . . Guns 31 | . 3 . 19 9 . . Cannons 7 | . . . 5 2 . . Classes Destroyed 11 | . 3 . 7 1 . . Worker 4 | . . . 4 . . . Builder 3 | . . . 2 1 . . Tunneler 1 | . . . 1 . . . Hauler 5 | . . . 5 . . . Recycler 5 | . 1 . 4 . . . Operator 2 | . 1 . 1 . . . Watcher 5 | . . . 5 . . . Swarmer 16 | . 3 . 6 7 . . Grunt 14 | . . . 14 . . . Sentry 4 | . . . 4 . . . Assembled 4 | . . . . 4 . . Best Kill Streak 10 | . 3 . 10 5 . . Combat Bots Only 5 | . 3 . 5 4 . . Max Kills in Single Turn 2 | . 1 . 2 2 . . Gunslinging . | . . . . . . . Exploded . | . . . . . . . Melee . | . . . . . . . Uniques/NPCs Destroyed . | . . . . . . . Combat | -11 -10 -10 -9 -9 -7 -7 -------- Run | Scr Mat Min Mat Min Zio Dee Damage Taken 1322 | . 80 . 504 228 . 510 Core 1045 | . 62 . 396 175 . 412 Absorbed by Shields . | . . . . . . . Redirected to Core 936 | . 49 . 353 156 . 378 Core Remaining (%) 94 | 100 . 89 . . . . Volleys Fired 102 | . 12 . 66 17 2 5 Largest 6 | . 4 . 6 6 6 6 Hottest 148 | . 80 . 148 148 148 148 Shots Fired 520 | . 39 . 337 102 12 30 Gun 434 | . 39 . 275 85 10 25 Cannon 86 | . . . 62 17 2 5 Launcher . | . . . . . . . Special . | . . . . . . . Kinetic 520 | . 39 . 337 102 12 30 Thermal . | . . . . . . . Explosive . | . . . . . . . Electromagnetic . | . . . . . . . Robot Hit Streak 13 | . 8 . 11 13 . 10 Robot Miss Streak 6 | . 3 . 6 3 . 1 Penetration Max . | . . . . . . . Secondary Targets . | . . . . . . . Shots Hit Robots 233 | . 24 . 142 42 . 25 Core Hits 101 | . 7 . 70 17 . 7 Critical Kills . | . . . . . . . Critical Parts Destroyed 2 | . 2 . . . . . Critical Strikes 3 | . 2 . 1 . . . Destroy 2 | . 2 . . . . . Blast 1 | . . . 1 . . . Melee Attacks . | . . . . . . . Impact . | . . . . . . . Slashing . | . . . . . . . Piercing . | . . . . . . . Sneak Attacks . | . . . . . . . Combat Hostiles . | . . . . . . . Follow-up Attacks . | . . . . . . . Damage Inflicted 3316 | . 292 . 2031 622 . 371 Guns 2880 | . 292 . 1753 543 . 292 Cannons 404 | . . . 246 79 . 79 Explosions 32 | . . . 32 . . . Melee . | . . . . . . . Ramming . | . . . . . . . Kinetic 3284 | . 292 . 1999 622 . 371 Thermal . | . . . . . . . Explosive . | . . . . . . . Electromagnetic 32 | . . . 32 . . . Impact . | . . . . . . . Slashing . | . . . . . . . Piercing . | . . . . . . . Highest Corruption 1 | . . . 1 1 1 . Average Corruption 1 | . . . 1 1 1 . Corruption Purged . | . . . . . . . Corruption Blocked . | . . . . . . . Effects 13 | . . . 8 2 3 . Message Errors 3 | . . . 2 . 1 . Matter Fused 6 | . . . 3 2 1 . Parts Rejected 1 | . . . 1 . . . Data Loss (minor) 1 | . . . 1 . . . Data Loss (major) 1 | . . . . . 1 . Alerts 1 | . . . 1 . . . Overload Shots . | . . . . . . . Overflow Damage 41 | . . . . 16 . 25 Projectiles 41 | . . . . 16 . 25 Explosions . | . . . . . . . Melee . | . . . . . . . Knockbacks 2 | . . . 2 . . . Impact . | . . . . . . . Kinetic 2 | . . . 2 . . . Secondary . | . . . . . . . Self-Inflicted Damage 18 | . . . 18 . . . Shots 1 | . . . 1 . . . Rammed . | . . . . . . . Targets Rammed . | . . . . . . . Kicked . | . . . . . . . Crushed . | . . . . . . . Highest Temperature 366 | . 36 . 280 240 101 366 Average Temperature 98 | . 18 . 97 96 54 201 Received Heat Transfer 412 | . . . 177 100 . 135 Effects 4 | . . . 4 . . . Energy Bleed 1 | . . . 1 . . . Interference 3 | . . . 3 . . . Siege Activations . | . . . . . . . Robots Corrupted . | . . . . . . . Combat Hostiles . | . . . . . . . Parts Fried . | . . . . . . . Impact Corruptions . | . . . . . . . Robots Melted . | . . . . . . . Combat Hostiles . | . . . . . . . Parts Melted . | . . . . . . . Heat Transferred . | . . . . . . . Parts Sabotaged . | . . . . . . . Parts Stolen . | . . . . . . . Parts Stripped . | . . . . . . . Power Chain Reactions . | . . . . . . . Missiles Intercepted . | . . . . . . . Alert | -11 -10 -10 -9 -9 -7 -7 ------- Run | Scr Mat Min Mat Min Zio Dee Peak Influence 556 | . 98 37 556 397 . . Initial 204 | . . 37 14 204 . . Average 281 | . 45 37 328 281 . . Maximum Alert Level 2 | . . . 2 1 . . Low Security (%) 29 | 100 100 100 15 27 . . Level 1 54 | . . . 60 72 . . Level 2 16 | . . . 24 . . . Level 3 . | . . . . . . . Level 4 . | . . . . . . . Level 5 . | . . . . . . . High Security . | . . . . . . . Max Security . | . . . . . . . Squads Dispatched 7 | . 2 . 5 . . . Investigation 3 | . . . 3 . . . Extermination . | . . . . . . . Reinforcement 4 | . 2 . 2 . . . Assault . | . . . . . . . Garrison . | . . . . . . . Intercept . | . . . . . . . Searches Triggered . | . . . . . . . Construction Impeded . | . . . . . . . Haulers Reinforced . | . . . . . . . Active Scanning Responses . | . . . . . . . Cargo Convoy Interrupts . | . . . . . . . Stealth | -11 -10 -10 -9 -9 -7 -7 --------- Run | Scr Mat Min Mat Min Zio Dee Distress Signals 3 | . 1 . 2 . . . Communications Jammed . | . . . . . . . Distress Signals . | . . . . . . . Times Spotted 57 | . 5 . 35 15 . 2 Peak Tracking Total 4 | . 4 . 4 4 . 3 Tactical Retreats 3 | . . . . 3 . . Traps | -11 -10 -10 -9 -9 -7 -7 ------- Run | Scr Mat Min Mat Min Zio Dee Traps Triggered 2 | . . . 2 . . . Indirectly 2 | . . . 2 . . . Trap Hack Attempts . | . . . . . . . Triggered . | . . . . . . . Disarmed . | . . . . . . . Reprogrammed . | . . . . . . . Reused . | . . . . . . . Traps Extracted . | . . . . . . . Installed . | . . . . . . . Triggered . | . . . . . . . Machines | -11 -10 -10 -9 -9 -7 -7 ---------- Run | Scr Mat Min Mat Min Zio Dee Machines Disabled 5 | . . . 4 1 . . Max in Single Turn 3 | . . . 3 1 . . Machines Sabotaged 1 | . . . 1 . . . Garrisons Compromised . | . . . . . . . Overloaded Fab Kills . | . . . . . . . Hacking | -11 -10 -10 -9 -9 -7 -7 --------- Run | Scr Mat Min Mat Min Zio Dee Machines Accessed 5 | . . . 3 2 . . Terminals 5 | . . . 3 2 . . Fabricators . | . . . . . . . Repair Stations . | . . . . . . . Recycling Units . | . . . . . . . Scanalyzers . | . . . . . . . Garrison Access . | . . . . . . . Total Hacks 11 | . . . 7 4 . . Successful 7 | . . . 4 3 . . Failed 4 | . . . 3 1 . . Catastrophic 1 | . . . 1 . . . Database Lockouts . | . . . . . . . Manual 13 | . . . 6 . 7 . Terminals 11 | . . . 7 4 . . Fabricators . | . . . . . . . Repair Stations . | . . . . . . . Recycling Units . | . . . . . . . Scanalyzers . | . . . . . . . Garrison Access . | . . . . . . . Terminal Hacks 4 | . . . 1 3 . . Record 1 | . . . . 1 . . Maintenance Status 1 | . . . 1 . . . Zone Layout 2 | . . . . 2 . . Fabricator Hacks . | . . . . . . . Repair Station Hacks . | . . . . . . . Recycling Unit Hacks . | . . . . . . . Scanalyzer . | . . . . . . . Garrison Access Hacks . | . . . . . . . Unauthorized Hacks 3 | . . . 3 . . . Terminals 3 | . . . 3 . . . Sabotage 3 | . . . 3 . . . Fabricators . | . . . . . . . Repair Stations . | . . . . . . . Recycling Units . | . . . . . . . Scanalyzers . | . . . . . . . Garrison Access . | . . . . . . . Data Cores Recovered . | . . . . . . . Used . | . . . . . . . Hacking Detections 2 | . . . 2 . . . Full Trace Events . | . . . . . . . Feedback Events . | . . . . . . . Feedback Blocked . | . . . . . . . Robot Schematics Acquired . | . . . . . . . Robots Built . | . . . . . . . Authchips . | . . . . . . . Time . | . . . . . . . Total Robot Build Rating . | . . . . . . . Part Schematics Acquired . | . . . . . . . Parts Built . | . . . . . . . Authchips . | . . . . . . . Time . | . . . . . . . Total Part Build Rating . | . . . . . . . Parts Repaired . | . . . . . . . Time . | . . . . . . . Parts Recycled . | . . . . . . . Recycled Matter . | . . . . . . . Retrieved Matter . | . . . . . . . Retrieved Components . | . . . . . . . Parts Scanalyzed . | . . . . . . . Part Schematics Acquired . | . . . . . . . Parts Damaged . | . . . . . . . Bothacking | -11 -10 -10 -9 -9 -7 -7 ------------ Run | Scr Mat Min Mat Min Zio Dee Used RIF Installer . | . . . . . . . Robots Hacked . | . . . . . . . Non-combat . | . . . . . . . Combat . | . . . . . . . Robot Hacks Applied . | . . . . . . . Relay Couplers Released . | . . . . . . . Fabnet Peak Effective % . | . . . . . . . Robots Rewired . | . . . . . . . Allies Hacked . | . . . . . . . Hacks Repelled . | . . . . . . . Allies | -11 -10 -10 -9 -9 -7 -7 -------- Run | Scr Mat Min Mat Min Zio Dee Total Allies . | . . . . . . . Largest Group . | . . . . . . . Highest-Rated Group . | . . . . . . . Highest-Rated Ally . | . . . . . . . Total Orders . | . . . . . . . Ally Attacks . | . . . . . . . Total Damage . | . . . . . . . Kills . | . . . . . . . Allies Corrupted . | . . . . . . . Allies Melted . | . . . . . . . Intel | -11 -10 -10 -9 -9 -7 -7 ------- Run | Scr Mat Min Mat Min Zio Dee Robot Analysis Total . | . . . . . . . Derelict Logs Recovered 3 | . . 2 . 1 . . Drone Launches . | . . . . . . . Drone Recoveries . | . . . . . . . Exploration | -11 -10 -10 -9 -9 -7 -7 ------------- Run | Scr Mat Min Mat Min Zio Dee Turns Passed 4289 | 21 162 161 1791 553 1363 238 Spaces Moved 2169 | 13 96 133 754 252 798 123 Core . | . . . . . . . Treads 1593 | . . . 420 252 798 123 Legs 576 | 13 96 133 334 . . . Wheels . | . . . . . . . Hover . | . . . . . . . Flight . | . . . . . . . Fastest Speed 120 | 120 120 120 120 170 170 170 Average Speed 160 | 130 120 120 159 170 170 170 Slowest Speed 250 | 190 120 120 250 170 170 170 Overloaded Moves . | . . . . . . . Propulsion Burnouts . | . . . . . . . Robots Hopped . | . . . . . . . Cave-ins Triggered . | . . . . . . . Exploration Rate (%) 38 | 3 20 37 50 64 68 25 Regions Visited 6 Branch Regions 4 Pre-discovered Areas 3 | . . 1 . . 2 . Known Exits Taken . | . . . . . . . Unknown Exits Taken 6 | 1 1 1 1 1 1 . Scrap Searched 3 | . . . . 2 1 . Spaces Dug . | . . . . . . . Terrain Destroyed 6 | . . . 5 1 . . Melee . | . . . . . . . Projectile 6 | . . . 5 1 . . AOE . | . . . . . . . Terrain Rammed . | . . . . . . . Walls Destroyed . | . . . . . . . Machines Disabled . | . . . . . . . Actions | -11 -10 -10 -9 -9 -7 -7 --------- Run | Scr Mat Min Mat Min Zio Dee Total 2694 | 15 115 134 1165 326 799 140 Wait 379 | . 4 2 309 52 . 12 Move 2163 | 12 95 132 753 251 797 123 Hop . | . . . . . . . Pick Up 1 | . . . . 1 . . Fast Attach 16 | 3 2 . 10 1 . . Attach . | . . . . . . . Detach . | . . . . . . . Swap 1 | . 1 . . . . . Drop 8 | . 1 . 6 1 . . Fire 102 | . 12 . 66 17 2 5 Melee . | . . . . . . . Ram . | . . . . . . . Kick . | . . . . . . . Crush . | . . . . . . . Escape Stasis . | . . . . . . . Rewire . | . . . . . . . Trap . | . . . . . . . Miscellaneous 24 | . . . 21 3 . . Route ------- -11/Scrapyard -10/Materials -10/Mines -9/Materials -9/Mines (discovered 2 exits: [*Mat] / *Zio) -7/Zion (discovered 2 exits: [*Dee] / [*Pro]) -7/Deep Caves History --------- Turn | Location | Event 1 | -11/Scrapyard | Upgraded with Propulsion slot (x1) 1 | -11/Scrapyard | Upgraded with Weapon slot (x3) 1 | -11/Scrapyard | Discovered new exit (range 1) 22 | -11/Scrapyard | Entered Materials 140 | -10/Materials | Discovered new exit (range 9) 184 | -10/Materials | Entered Mines 193 | -10/Mines | Met a Derelict bent on vengeance 238 | -10/Mines | Learned location of Storage (-8) 307 | -10/Mines | Discovered new exit (range 15) 315 | -10/Mines | Build established: Gunner 316 | -10/Mines | Learned Materials emergency access door positions 345 | -10/Mines | Entered Materials 347 | -9/Materials | Reached level 2 465 | -9/Materials | Reached level 3 469 | -9/Materials | Upgraded with Weapon slot (x2) 780 | -9/Materials | Build established: Executioner 1168 | -9/Materials | Reached level 4 1177 | -9/Materials | Upgraded with Propulsion slot (x1) 1521 | -9/Materials | Discovered new exit (range 7) 1809 | -9/Materials | Reached level 5 2136 | -9/Materials | Entered Mines 2190 | -9/Mines | Assembled infested the area 2460 | -9/Mines | Learned Materials emergency access door positions 2460 | -9/Mines | Discovered new exit (range 5) 2468 | -9/Mines | Reached level 6 2673 | -9/Mines | A Derelict revealed a hidden shortcut to a safe place 2689 | -9/Mines | Entered Zion 2720 | -7/Zion | Given the Hacking Drone Bay 2802 | -7/Zion | Discovered new exit (range 15) 2960 | -7/Zion | System corruption cleaned by Quarantine Array 3103 | -7/Zion | Learned location of Warlord (-4) 3267 | -7/Zion | Received a visual enhancement algorithm 3833 | -7/Zion | Acquired unknown access codes intercepted by a Zionite 3886 | -7/Zion | Opened final containment barrier to the Deep Caves 3920 | -7/Zion | Discovered new exit (range 3) 3920 | -7/Zion | Saw the warning signs outside the Deep Caves entrance 4052 | -7/Zion | Entered Deep Caves 4054 | -7/Deep Caves | Reached level 7 4274 | -7/Deep Caves | Attacked by Z-Imprinter 4278 | -7/Deep Caves | Core integrity fell below 50% 4284 | -7/Deep Caves | Core integrity fell below 20% 4290 | -7/Deep Caves | Destroyed by Z-Imprinter with Zionite Laser-M Last Messages --------------- 03903_ Containment barrier disabled. Are you sure about this? >>\\9FH6 Containment barrier disabled. Are you sure about this? 03920_ EXIT=FOUND 03920_ The room is plastered with warning signs of various forms. 04035_ PUBLIC SERVICE ANNOUNCEMENT: Quarantine Array scanned 1 system, cleaned 1. 04043_ PUBLIC SERVICE ANNOUNCEMENT: Quarantine Array scanned 2 systems, cleaned 0. 04048_ AP-VVR(z) toys with the Twisted Machinery. LOCATION=UNKNOWN GOAL=ESCAPE 04054_ Reached level 7. 04068_ Upgraded: Ranged Accuracy (+20) 04265_ NEW_ZION: Z-Facility proximity alert. Z-Imprinter: GET AWAY FROM HERE! I've worked too hard for our future just to have you ruin everything! 04282_ Destroyed Adv. Phase Shifter. 04286_ Destroyed Prototype Hover Unit. 04290_ Destroyed Prototype Protection. Map ----- +----------------------------------------------------+ | ?????????????????????????????????????????????????? | | ?????????????????????????????????????????????????? | | ?????????????????????????????????????????????????? | | ?????????????????????????????????#####?????????### | | ???????????????????????????????### #????????# | | ???????????????????????????##### ?????????# | | ????????????????????????? ????????## | | ??????????????????????? ????????# | | ??????????????????????? #???????## | | ?????????????????????? #???????# | | ?????????????????????? ##?????## | | ????????????????????? ####### | | ?????????????????? | | ???????????????? | | ?????????????? | | ??????????????" ### | | ??????????????" ###?## | | ??????????????" zI##????## | | ?????????????"" % #??????# | | ???????????? " ##?????# | | ???????????? o #????? | | ??????????? #????# | | ???????????o #????# | | ??????????" ##????# | | ???????????"" ##???? | | ?????????????""o @ #???? | | ?????????? #???# | | ????????????"" ##???? | | ????????????""" ##????# # | | ?????????????""" #??????? #? | | ??????????????"" #??????????? | | ??????????????"" #?????????? | | ??????????????" #?????????? | | ?????????????" ##?????????? | | ????????????? #??????????? | | ??????????????"o #??????????? | | ?????????????? ??????????? | | ???????????????? #?????????? | | ?????????????????? ??????????? | | ????????????????????? ?????????????? | | ??????????????????????? ???????????????? | | ?????????????????????????????????????????????????? | | ?????????????????????????????????????????????????? | | ?????????????????????????????????????????????????? | | ?????????????????????????????????????????????????? | | ?????????????????????????????????????????????????? | | ?????????????????????????????????????????????????? | | ?????????????????????????????????????????????????? | | ?????????????????????????????????????????????????? | | | +----------------------------------------------------+ Best States ------------- Heat Dissipation 25 Energy Generation 14 Energy Capacity 280 Matter Stores 500 Matter Capacity 500 Sight Range 16 Terrain Scan Density 10 Evasion (%) 55 Recoil Reduction 3 Item Schematics ----------------- None Robot Schematics ------------------ None Fabricated ------------ Nothing Alien Tech Used ----------------- None Achievements -------------- None Challenges ------------ None RPGLIKE | -11 -10 -10 -9 -9 -7 -7 --------- Run | Scr Mat Min Mat Min Zio Dee Levels Raised 6 | . . . 4 1 . 1 XP Earned 12272 | 3000 350 500 5397 1375 650 1000 XP Spent 11950 | 2900 . . 3900 1750 . 3400 Upgrades 15 | 4 . . 3 4 . 4 Propulsion Slot 2 | 1 . . 1 . . . Weapon Slot 5 | 3 . . 2 . . . Inventory Capacity 1 | . . . . 1 . . Ranged Accuracy 7 | . . . . 3 . 4 Protomatter Created 293 | . 15 . 264 14 . . Integrity Restored 428 | . . . 386 42 . . Core 428 | . . . 386 42 . . Protomatter Decayed 205 | . 15 . 134 56 . . Game ------ Seed MasterFortressModule Manual? 0 Play Time 00:21:23 Cumulative 81.1 hours Start 2022.05.27 @ 11:39:45 End 2022.05.27 @ 12:00:48 Sessions 1 Manual Loads 0 Difficulty Rogue Special Mode Winter2019/RPGLIKE Game No. 93 Rogue 93 Adventurer 0 Explorer 0 Win Type - Total 0 Types 0/0/0/0/0/0/0/0/0 Lore% 43 Gallery% 53 Achievement% 41 Wizard Run 0 Options --------- ASCII 0 Keyboard 0 Movement Mouse Keybinds 0 Fullscreen 1 Font 18/SmallcapsGlow Map View 76x50 Tactical HUD 1 Map Filters NONE Filters NONE Steam 1 RUN: 498b9e58-21e0-4c5a-a0cf-b63f1791420b